 Dungeon Crawl Stone Soup version 0.32-a0-928-g1cae6b7ea0 (webtiles) character file.

Game seed: 5801551805689836124

21 Autsider the Vexing (level 3, 0/24 (27) HPs)
             Began as a Formicid Hexslinger on Apr 12, 2024.
             Slain by a gnoll
             ... wielding a +0 whip
              (3 damage)
             ... on level 2 of the Dungeon.
             The game lasted 00:01:56 (1003 turns).

Autsider the Vexing (Formicid Hexslinger)           Turns: 1003, Time: 00:01:57

HP:   0/24 (27)     AC:  2    Str: 12    XL:     3   Next: 5%
MP:   4/4           EV: 11    Int: 12    God:
Gold: 31            SH:  0    Dex: 18    Spells: 4/4 levels left

rFire   . . .        a - +1 sling
rCold   . . .        (no shield)
rNeg    . . .        c - +0 robe
rPois   .            (helmet unavailable)
rElec   .            (no cloak)
rCorr   .            (no gloves)
SInv    +            (no boots)
Will    .....        (no amulet)
Stlth   ++           (no ring)
HPRegen 0.24/turn    (no ring)
MPRegen 0.09/turn

%: no passive effects
@: heavily drained
A: permanent stasis, dig shafts and tunnels, antennae 3, four strong arms
a: Dig, Shaft Self


You were on level 2 of the Dungeon.
You visited 1 branch of the dungeon, and saw 2 of its levels.

You collected 31 gold pieces.

Inventory:

Hand Weapons
 a - a +1 sling (weapon)
Armour
 c - a +0 robe (worn)
Jewellery
 e - an amulet of faith
Talismans
 i - a flux talisman
Scrolls
 b - 2 scrolls of poison
 d - a scroll of enchant weapon {unknown}
 f - a scroll of identify {unknown}
 h - 2 scrolls of teleportation {unknown}
 j - a scroll of noise {unknown}
Potions
 g - 2 potions of curing {unknown}
 k - a potion of might {unknown}


   Skills:
 + Level 2.2 Fighting
 + Level 2.7 Ranged Weapons
 - Level 1.7 Dodging
 - Level 1.1 Spellcasting
 - Level 3.6 Hexes
 - Level 1.0 Fire Magic


You had 4 spell levels left.
You didn't know any spells.
Your spell library contained the following spells:

 Spells                   Type           Power      Damage    Failure   Level
 Jinxbite                 Hex            18%        N/A       11%         2
 Sigil of Binding         Hex            9%         N/A       21%         3
 Inner Flame              Hex/Fire       6%         N/A       34%         3
 Cause Fear               Hex            4%         N/A       56%         4
 Dimensional Bullseye     Hex/Tloc       2%         N/A       80%         4


Dungeon Overview and Level Annotations

Branches:
Dungeon (2/15)

Altars:


Innate Abilities, Weirdness & Mutations

You cannot be hasted, slowed, berserked, paralysed or teleported.
You can dig through walls and to a lower floor.
You have a pair of large antennae on your head. (SInv)
Your four strong arms can wield two-handed weapons with a shield.


Message History

The sling bullet barely misses the goblin.
The gnoll shouts!
You shoot a sling bullet.
The sling bullet closely misses the goblin.
The goblin hits you with a +0 dagger.
You shoot a sling bullet.
The sling bullet closely misses the goblin.
A gnoll comes into view. It is wielding a +0 club.
The goblin hits you but does no damage.
A gnoll comes into view. It is wielding a +0 club.
The goblin hits you with a +0 dagger.
You shoot a sling bullet. The gnoll shouts! x2
The sling bullet hits the goblin.
The goblin is heavily wounded.
The goblin hits you with a +0 dagger. The goblin attacks as it pursues you!
The goblin hits you with a +0 dagger. The goblin attacks as it pursues you!
The goblin barely misses you. The gnoll barely misses you.
The goblin attacks as it pursues you! The goblin hits you with a +0 dagger.
The gnoll attacks as it pursues you! The gnoll hits you but does no damage.
The gnoll attacks as it pursues you! The gnoll misses you.
The gnoll attacks as it pursues you! The gnoll hits you with a +0 whip.
The gnoll barely misses you. The gnoll attacks as it pursues you!
The gnoll hits you with a +0 whip.
* * * LOW HITPOINT WARNING * * *
The gnoll hits you with a +0 whip.
* * * LOW HITPOINT WARNING * * *
You extend your mandibles.
You dig through the rock wall.
You feel drained. The gnoll attacks as it pursues you!
The gnoll hits you with a +0 whip!
* * * LOW HITPOINT WARNING * * *
You dig through the rock wall.
You feel drained.
You retract your mandibles.
You shoot a sling bullet.
The sling bullet hits the gnoll but does no damage.
The gnoll barely misses you.
You shoot a sling bullet. The sling bullet hits the gnoll.
The gnoll is moderately wounded.
The gnoll hits you with a +0 whip.
You die...

#..### #..###
##..######..### ##
......##....).# ..#
......##......##..#
##......##......#
##...g..##......#
####g{######..###
###.{# ###..####
#..### #..####@#
##..######..###g####
....g.##......##{{.#
......##......##.g.#
##...g..##......##{#
#......##......##g#
#......#########..#
####.#....ggg....##
.####.#.###########


You could see a gnoll.

Vanquished Creatures
  A dart slug (D:1)
  5 giant cockroaches
  A goblin (D:2)
  4 hobgoblins
  3 ball pythons
  A bat (D:1)
  A frilled lizard (D:2)
  A kobold (D:2)
  A rat (D:1)
18 creatures vanquished.

Notes
Turn   | Place    | Note
-------+----------+-------------------------------------------
     0 | D:1      | Autsider the Formicid Hexslinger began the quest for the
                  | Orb.
     0 | D:1      | Reached XP level 1. HP: 15/15 MP: 2/2
   205 | D:1      | Reached XP level 2. HP: 21/21 MP: 3/3
   933 | D:2      | Reached XP level 3. HP: 27/27 MP: 4/4
  1003 | D:2      | Slain by a gnoll

Illustrated notes

Levels and vault maps discovered:
D:1:      minmay_arrival_glassed_features, layout_loops_corners
D:2:      layout_loops_ring, reono_crystal_passage,
          nicolae_houndstooth_variations

Skill      XL: |  1  2 |
---------------+-------+-----
Fighting       | 2 |  2.2
Ranged Weapons | |  2.7
Dodging        | |  1.7
Spellcasting   | |  1.1
Hexes          | |  3.6
Fire Magic     | |  1.0

Action                     || total
---------------------------++-------
   Fire: Sling             ||    41
Ability: Dig               ||     1
 Armour: Robe              ||    21
  Dodge: Dodged            ||    10

Table legend: (Time is in decaauts)
 A = Elapsed time spent in this place.
 B = Non-inter-level travel time spent in this place.
 C = Inter-level travel time spent in this place.
 D = Time resting spent in this place.
 E = Time spent auto-exploring this place.
 F = Levels seen in this place.
 G = Mean time per level.
                   A        B        C        D        E       F      G
               +--------+--------+--------+--------+--------+-----+--------+
         Total |   1013 |    986 |     27 |      0 |    855 |   2 |  506.5 |
       Dungeon |   1013 |    986 |     27 |      0 |    855 |   2 |  506.5 |
               +--------+--------+--------+--------+--------+-----+--------+

Top non-repeatable levels by time:
     D:1: 817 daAuts
     D:2: 196 daAuts
